 Dungeon Crawl Stone Soup version 0.27.1-2-g3b301248ec (webtiles) character file.

Game seed: 13762801487788139457

14 vonSchwalbe the Ducker (level 2, -2/29 HPs)
             Began as a Troll Fighter on Oct 3, 2021.
             Slain by Natasha (4 damage)
             ... on level 2 of the Dungeon.
             The game lasted 00:03:57 (289 turns).

vonSchwalbe the Ducker (Troll Fighter)               Turns: 289, Time: 00:03:59

Health: -2/29      AC:  4    Str: 23    XL:     2   Next: 31%
Magic:  1/1        EV:  8    Int:  4    God:
Gold:   0          SH:  8    Dex:  9    Spells: 1/1 levels left

rFire    . . .     SeeInvis .   a - +0 flail
rCold    . . .     Faith    .   c - +0 kite shield
rNeg     . . .     Spirit   .   b - +0 robe
rPois    .         Reflect  .   (helmet restricted)
rElec    .         Harm     .   (no cloak)
rCorr    .         Rampage  .   (gloves unavailable)
Will     .....                  (boots unavailable)
Stlth    +.........             (no amulet)
HPRegen  1.09/turn              (no ring)
MPRegen  0.07/turn              (no ring)

@: no status effects
A: large, unfitting armour, claws 3, regeneration 1, shaggy fur 1, tough skin 1
a: no special abilities


You were on level 2 of the Dungeon.
You visited 1 branch of the dungeon, and saw 2 of its levels.

Inventory:

Hand Weapons
 a - a +0 flail (weapon)
Armour
 b - a +0 robe (worn)
 c - a +0 kite shield (worn)
Scrolls
 e - a scroll of identify {unknown}
Potions
 d - 3 potions of might
 f - a potion of curing {unknown}
 g - a potion of magic {unknown}


   Skills:
 + Level 2.6 Fighting
 + Level 1.9 Maces & Flails
 + Level 2.6 Dodging
 + Level 2.6 Shields


You had one spell level left.
You didn't know any spells.
Your spell library was empty.

Dungeon Overview and Level Annotations

Branches:
Dungeon (2/15)

Altars:

Annotations:
D:2 Natasha


Innate Abilities, Weirdness & Mutations

You are too large for most types of armour.
You have claws for hands.
Your natural rate of healing is unusually fast.
You are covered in fur. (AC +1)
You have tough skin. (AC +1)


Message History

You block Natasha's attack.
Natasha casts a spell.
You thump Natasha!
Natasha is severely wounded.
You block Natasha's attack. You block the shadow imp's attack.
You barely miss Natasha.
Natasha is severely wounded.
Natasha barely misses you. The shadow imp hits you. You block Natasha's attack.
The shadow imp hits you.
You hit the shadow imp.
The shadow imp is heavily wounded.
Natasha claws you. The shadow imp barely misses you. Natasha barely misses you.
You barely miss Natasha.
Natasha is severely wounded.
You block the shadow imp's attack. Natasha claws you! The shadow imp hits you.
You closely miss the shadow imp.
The shadow imp is heavily wounded.
Natasha barely misses you. You block the shadow imp's attack.
Natasha stares at you and mumbles some strange words.
The magic dart hits you.
* * * LOW HITPOINT WARNING * * *
You sock the shadow imp!
You kill the shadow imp!
Natasha claws you!
* * * LOW HITPOINT WARNING * * *
You miss Natasha.
Natasha is severely wounded.
Natasha barely misses you. You block Natasha's attack.
You closely miss Natasha.
Natasha is severely wounded.
Natasha casts a spell at you. You resist with significant effort.
You closely miss Natasha.
Natasha is severely wounded.
Natasha claws you.
* * * LOW HITPOINT WARNING * * *
Natasha wildly gestures.
You feel troubled. Natasha claws you.
You die...

#..........#.#
#..........#.#
#..........#.#
####....#.##.#
........#.##.#
#####.....#.##.###
#...#.....#.##...#
#.#.#.....#....#.#
#@#.#.....####.#.#
#h#.#.....#....#.#
#.#[#.....#.#..#.#
#.#.#.....#.#..#.#
..#.#.#####.#..#..
########.#.#...#<...#..
##.....<#.#.#.#.######
#.........#.#'#...#
#.....###.......#.#


You could see Natasha.

Vanquished Creatures
  An adder (D:2)
  A ball python (D:1)
  An endoplasm (D:2)
  A goblin (D:1)
  A bat (D:2)
  A rat (D:2)
6 creatures vanquished.

Notes
Turn   | Place    | Note
-------+----------+-------------------------------------------
     0 | D:1      | vonSchwalbe the Troll Fighter began the quest for the Orb.
     0 | D:1      | Reached XP level 1. HP: 22/22 MP: 0/0
   142 | D:2      | Reached XP level 2. HP: 28/29 MP: 1/1
   269 | D:2      | Noticed Natasha
   289 | D:2      | Slain by Natasha

Illustrated notes

Levels and vault maps discovered:
D:1:      grunt_arrival_crossed_arrows, layout_basic, serial_shops, shop,
          chequers_ecumenical_altar_island
D:2:      layout_basic, basic_altar, chequers_serial_rivers_room_b,
          kennysheep_generic_room_15, uniq_crazy_yiuf_cottage, uniq_natasha

Action                   || total
-------------------------++-------
Melee: Flail             ||    43
Armor: Robe              ||    18
Dodge: Dodged            ||    24
Block: Kite shield       ||    28
